AoeStats
← RodentDogsRCool

Enclosed

505569226Analyzed
1v1 RM · 23d ago on Sep 10, 2026· 33m 2s· 2 players
Game mode
Random Map
Map size
Tiny (2 player)
Population
200
Speed
Normal
Resources
Standard
Victory
Conquest
Starting age
Dark Age
Ending age
Imperial Age
RankedLock teamsTeams togetherTeam positionsShared explorationLock speedFull tech treeHidden civsTurbo modeCheats
Victory
Defeat
🇵🇪 Tupi · Peru
944
+17
🇺🇸 Vikings · United States
970
-17
martinjmoralesv
9:51 Feudal Age
9:03 Loom
10:11 Champi Runner
10:49 Double-Bit Axe
12:46 Horse Collar
14:48 Scale Mail Armor
20:45 Castle Age
20:06 Fletching
20:15 Stone Mining
20:19 Gold Mining
21:11 Wheelbarrow
21:08 Crossbowman
24:02 Bow Saw
24:25 Ballistics
24:46 Forging
27:37 Heavy Plow
32:09 Elite Skirmisher
RodentDogsRCool
6:18 Loom
13:58 Feudal Age
14:17 Man-at-Arms
16:14 Scale Mail Armor
16:25 Forging
17:49 Arson
17:59 Double-Bit Axe
22:01 Castle Age
20:35 Fletching
20:42 Horse Collar
23:15 Bow Saw
23:57 Crossbowman
26:03 Bodkin Arrow
26:35 Padded Archer Armor
29:14 Ballistics
Connection lost

Rejoining the realm…

Still unreachable

The connection could not be restored.

Session expired

The server has moved on; the page needs a fresh start.